BSA
PHILADELPHIA ATHLETICS @ BAFFIN ISLAND BEAVERS
09/26/2028
 
TOP OF THE 1ST
Niagara Falls Frenzy batting - Pitching for Baffin Island Beavers : RHP Jesse Little
Pitching: RHP Jesse Little
Batting: RHB Kel Pierce 0-0: Called Strike
0-1: DOUBLE (Flyball, 9LD)
Batting: RHB Zander Tremblett 0-0: Swinging Strike
0-1: Called Strike
0-2: Fly out, F4 (Popup, 4D)
Batting: LHB Jerry Johnston 0-0: Ball
1-0: Ball
2-0: Called Strike
Kel Pierce is caught stealing 3rd base
2-1: Ball
3-1: Swinging Strike
3-2: Strikes out swinging
Top of the 1st over - 0 run(s), 1 hit(s), 0 error(s), 0 left on base; Niagara Falls 0 - Baffin Island 0
BOTTOM OF THE 1ST
Baffin Island Beavers batting - Pitching for Niagara Falls Frenzy : RHP Blaine Yarbrough
Pitching: RHP Blaine Yarbrough
Batting: RHB Tomás Díaz 0-0: Called Strike
0-1: Called Strike
0-2: Ball
1-2: Ball
2-2: Fly out, F7 (Flyball, 7S)
Batting: LHB Norberto Muñóz 0-0: Called Strike
0-1: Ball
1-1: Ground out 1-3 (Groundball, P)
Batting: LHB Chris Bates 0-0: Ball
1-0: Foul Ball, location: 2F
1-1: SINGLE (Groundball, 34) (infield hit)
Batting: RHB Tony Morton 0-0: Ball
1-0: Called Strike
Chris Bates is caught stealing 2nd base
Bottom of the 1st over - 0 run(s), 1 hit(s), 0 error(s), 0 left on base; Niagara Falls 0 - Baffin Island 0
TOP OF THE 2ND
Niagara Falls Frenzy batting - Pitching for Baffin Island Beavers : RHP Jesse Little
Batting: LHB Clyde Yarbrough 0-0: Ball
1-0: Foul Ball, location: 2F
1-1: Called Strike
1-2: Foul Ball, location: 2F
1-2: Ground out 6-3 (Groundball, 6MS)
Batting: RHB Anastasio Villa 0-0: Ball
1-0: Ball
2-0: Called Strike
2-1: Fly out, F3 (Popup, 3L)
Batting: LHB Yasuhiko Onodera 0-0: Ball
1-0: SINGLE (Flyball, 8RS)
Batting: SHB Héctor Padilla 0-0: Ball
1-0: Called Strike
1-1: Swinging Strike
1-2: Foul Ball, location: 2F
1-2: Ball
2-2: Ball
3-2: Base on Balls
Yasuhiko Onodera to second
Batting: RHB Luther Stoffels 0-0: Hit by Pitch
Yasuhiko Onodera to third
Héctor Padilla to second
Pinch Runner at 1st Jung-ha Kim:
Batting: RHB Tomás Estrada 0-0: Ball
1-0: Ball
2-0: Foul Ball, location: 2F
2-1: Ball
3-1: Base on Balls
Yasuhiko Onodera scores
Héctor Padilla to third
Jung-ha Kim to second
Batting: RHB Kel Pierce 0-0: Called Strike
0-1: Ball
1-1: Called Strike
1-2: Fielders Choice at 2nd, 5-4 (Groundball, 56)
Top of the 2nd over - 1 run(s), 1 hit(s), 0 error(s), 2 left on base; Niagara Falls 1 - Baffin Island 0
BOTTOM OF THE 2ND
Baffin Island Beavers batting - Pitching for Niagara Falls Frenzy : RHP Blaine Yarbrough
Now in CF: Jung-ha Kim
Batting: RHB Tony Morton 0-0: Fly out, F8 (Line Drive, 8LM)
Batting: LHB Lorenzo Villa 0-0: SINGLE (Groundball, 56D)
Batting: SHB Alonso Ferreira 0-0: Ball
1-0: Swinging Strike
1-1: Foul Ball, location: 2F
1-2: Ball
2-2: Fly out, F8 (Flyball, 8RM)
Batting: RHB Eduardo García 0-0: Ball
Wild Pitch!
Lorenzo Villa to second
1-0: SINGLE (Line Drive, 4MD)
Lorenzo Villa to third
Runner from 3rd tries for Home, SAFE, no throw
Batting: LHB Howard Evans 0-0: Ball
1-0: Ground out 4-3 (Groundball, 4MD)
Bottom of the 2nd over - 1 run(s), 2 hit(s), 0 error(s), 1 left on base; Niagara Falls 1 - Baffin Island 1
TOP OF THE 3RD
Niagara Falls Frenzy batting - Pitching for Baffin Island Beavers : RHP Jesse Little
Batting: RHB Zander Tremblett 0-0: Ball
1-0: Called Strike
1-1: Ball
2-1: SINGLE (Popup, 2R)
Batting: LHB Jerry Johnston 0-0: Called Strike
0-1: Ball
1-1: Called Strike
1-2: Ball
2-2: Strikes out swinging
Batting: LHB Clyde Yarbrough 0-0: Swinging Strike
0-1: Fly out, F7 (Flyball, 7LS)
Batting: RHB Anastasio Villa 0-0: Swinging Strike
0-1: Ball
1-1: Foul Ball, location: 2F
1-2: Strikes out swinging
Top of the 3rd over - 0 run(s), 1 hit(s), 0 error(s), 1 left on base; Niagara Falls 1 - Baffin Island 1
BOTTOM OF THE 3RD
Baffin Island Beavers batting - Pitching for Niagara Falls Frenzy : RHP Blaine Yarbrough
Batting: LHB Mike MacFadden 0-0: Ball
1-0: Swinging Strike
1-1: Ground out 4-3 (Groundball, 4)
Batting: RHB Tomás Díaz 0-0: Ball
1-0: Called Strike
1-1: Ground out 5-3 (Groundball, 5S)
Batting: LHB Norberto Muñóz 0-0: Called Strike
0-1: Ball
1-1: Bunt for hit - play at first, batter safe!
Batting: LHB Chris Bates 0-0: Ball
1-0: Ball
2-0: Called Strike
2-1: Swinging Strike
2-2: Fly out, F8 (Flyball, 78M)
Bottom of the 3rd over - 0 run(s), 1 hit(s), 0 error(s), 1 left on base; Niagara Falls 1 - Baffin Island 1
TOP OF THE 4TH
Niagara Falls Frenzy batting - Pitching for Baffin Island Beavers : RHP Jesse Little
Batting: LHB Yasuhiko Onodera 0-0: Ball
1-0: Ball
2-0: Foul Ball, location: 2F
2-1: Ball
3-1: Swinging Strike
3-2: Fly out, F3 (Line Drive, 3L)
Now at 1B: Ron Edwards
Batting: SHB Héctor Padilla 0-0: Ball
1-0: Foul Ball, location: 2F
1-1: Foul Ball, location: 2F
1-2: Ground out U3 (Groundball, 34)
Batting: RHB Jung-ha Kim 0-0: Ball
1-0: Ball
2-0: Ball
3-0: Called Strike
3-1: Swinging Strike
3-2: Strikes out swinging
Top of the 4th over - 0 run(s), 0 hit(s), 0 error(s), 0 left on base; Niagara Falls 1 - Baffin Island 1
BOTTOM OF THE 4TH
Baffin Island Beavers batting - Pitching for Niagara Falls Frenzy : RHP Blaine Yarbrough
Batting: RHB Tony Morton 0-0: Ball
1-0: Called Strike
1-1: Foul Ball, location: 2F
1-2: Ball
2-2: Ball
3-2: Foul Ball, location: 2F
3-2: SINGLE (Groundball, 6MD)
Batting: SHB Ron Edwards 0-0: Fly out, F7 (Flyball, 78S)
Batting: SHB Alonso Ferreira 0-0: Ball
1-0: Ball
2-0: Foul Ball, location: 2F
2-1: 2-RUN HOME RUN (Flyball, 89XD), Distance : 476 ft
Batting: RHB Eduardo García 0-0: Ball
1-0: Ball
2-0: Called Strike
2-1: Ball
3-1: Called Strike
3-2: DOUBLE (Flyball, 8RXD)
Batting: LHB Howard Evans 0-0: Foul Ball, location: 2F
0-1: Foul Ball, location: 2F
0-2: Ball
1-2: Ball
2-2: Ball
3-2: Base on Balls
Batting: LHB Mike MacFadden 0-0: Grounds into double play, 4-6-3 (Groundball, 4)
Bottom of the 4th over - 2 run(s), 3 hit(s), 0 error(s), 1 left on base; Niagara Falls 1 - Baffin Island 3
TOP OF THE 5TH
Niagara Falls Frenzy batting - Pitching for Baffin Island Beavers : RHP Jesse Little
Batting: RHB Tomás Estrada 0-0: Ball
1-0: Called Strike
1-1: Foul Ball, location: 2F
1-2: DOUBLE (Line Drive, 89XD)
Batting: RHB Kel Pierce 0-0: Ball
1-0: Swinging Strike
1-1: Swinging Strike
1-2: Fly out, F7 (Flyball, 78D)
Batting: RHB Zander Tremblett 0-0: Ball
1-0: Called Strike
1-1: Ball
2-1: Foul Ball, location: 2F
2-2: Ball
3-2: SINGLE (Groundball, 6MD)
Tomás Estrada to third
Runner from 3rd tries for Home, throw and OUT!
Batting: LHB Jerry Johnston 0-0: Called Strike
0-1: Foul Ball, location: 2F
0-2: Strikes out swinging
Top of the 5th over - 0 run(s), 2 hit(s), 0 error(s), 1 left on base; Niagara Falls 1 - Baffin Island 3
BOTTOM OF THE 5TH
Baffin Island Beavers batting - Pitching for Niagara Falls Frenzy : RHP Blaine Yarbrough
Batting: RHB Tomás Díaz 0-0: Ball
1-0: Ball
2-0: Ball
3-0: Called Strike
3-1: Fly out, F5 (Line Drive, 56)
Batting: LHB Norberto Muñóz 0-0: Swinging Strike
0-1: DOUBLE (Flyball, 78D)
Batting: LHB Chris Bates 0-0: Called Strike
Norberto Muñóz is caught stealing 3rd base
0-1: Swinging Strike
0-2: Ball
1-2: Ball
2-2: SOLO HOME RUN (Flyball, 9D), Distance : 439 ft
Batting: RHB Tony Morton 0-0: Foul Ball, location: 2F
0-1: Called Strike
0-2: Ground out U3 (Groundball, 34S)
Bottom of the 5th over - 1 run(s), 2 hit(s), 0 error(s), 0 left on base; Niagara Falls 1 - Baffin Island 4
TOP OF THE 6TH
Niagara Falls Frenzy batting - Pitching for Baffin Island Beavers : RHP Jesse Little
Batting: LHB Clyde Yarbrough 0-0: Ball
1-0: Called Strike
1-1: Ball
2-1: Foul Ball, location: 2F
2-2: Fly out, F7 (Flyball, 7S)
Batting: RHB Anastasio Villa 0-0: Ball
1-0: Ball
2-0: Fly out, F8 (Flyball, 8RS)
Batting: LHB Yasuhiko Onodera 0-0: Called Strike
0-1: Ground out U3 (Groundball, 34)
Top of the 6th over - 0 run(s), 0 hit(s), 0 error(s), 0 left on base; Niagara Falls 1 - Baffin Island 4
BOTTOM OF THE 6TH
Baffin Island Beavers batting - Pitching for Niagara Falls Frenzy : RHP Blaine Yarbrough
Pitching: RHP Jesse Green
Batting: SHB Ron Edwards 0-0: Called Strike
0-1: Ball
1-1: Ground out 4-3 (Groundball, 4)
Batting: SHB Alonso Ferreira 0-0: Ball
1-0: Ball
2-0: Fly out, F7 (Flyball, 78M)
Batting: RHB Eduardo García 0-0: Ball
1-0: Foul Ball, location: 2F
1-1: Ground out 4-3 (Groundball, 4)
Bottom of the 6th over - 0 run(s), 0 hit(s), 0 error(s), 0 left on base; Niagara Falls 1 - Baffin Island 4
TOP OF THE 7TH
Niagara Falls Frenzy batting - Pitching for Baffin Island Beavers : RHP Jesse Little
Pitching: RHP Colm Stewart
Now at 1B: Ángelo García
Batting: SHB Héctor Padilla 0-0: Swinging Strike
0-1: Ball
1-1: Ball
2-1: Swinging Strike
2-2: Strikes out looking
Batting: RHB Jung-ha Kim 0-0: Ball
1-0: Swinging Strike
1-1: Ball
2-1: Swinging Strike
2-2: Fly out, F9 (Flyball, 89D)
Batting: RHB Tomás Estrada 0-0: SINGLE (Line Drive, 56D)
Batting: RHB Kel Pierce 0-0: Ball
1-0: Called Strike
1-1: Called Strike
1-2: Fly out, F9 (Flyball, 9LS)
Top of the 7th over - 0 run(s), 1 hit(s), 0 error(s), 1 left on base; Niagara Falls 1 - Baffin Island 4
BOTTOM OF THE 7TH
Baffin Island Beavers batting - Pitching for Niagara Falls Frenzy : RHP Jesse Green
Batting: LHB Howard Evans 0-0: Ground out 3-1 (Groundball, 34S)
Batting: LHB Mike MacFadden 0-0: Ball
1-0: Fly out, F7 (Flyball, 7D)
Batting: RHB Tomás Díaz 0-0: Called Strike
0-1: Ground out 5-3 (Groundball, 56)
Bottom of the 7th over - 0 run(s), 0 hit(s), 0 error(s), 0 left on base; Niagara Falls 1 - Baffin Island 4
TOP OF THE 8TH
Niagara Falls Frenzy batting - Pitching for Baffin Island Beavers : RHP Colm Stewart
Batting: RHB Zander Tremblett 0-0: Ball
1-0: Called Strike
1-1: Ground out 4-3 (Groundball, 4M)
Batting: LHB Jerry Johnston 0-0: Called Strike
0-1: Fly out, F7 (Flyball, 7S)
Batting: LHB Clyde Yarbrough 0-0: Called Strike
0-1: Foul Ball, location: 2F
0-2: Foul Ball, location: 2F
0-2: Foul Ball, location: 2F
0-2: Ball
1-2: DOUBLE (Line Drive, 89XD)
Batting: RHB Anastasio Villa 0-0: Ball
1-0: Ball
2-0: Called Strike
2-1: Called Strike
2-2: Ball
3-2: Foul Ball, location: 2F
3-2: Strikes out swinging
Top of the 8th over - 0 run(s), 1 hit(s), 0 error(s), 1 left on base; Niagara Falls 1 - Baffin Island 4
BOTTOM OF THE 8TH
Baffin Island Beavers batting - Pitching for Niagara Falls Frenzy : RHP Jesse Green
Batting: LHB Norberto Muñóz 0-0: Called Strike
0-1: Ball
1-1: Swinging Strike
1-2: Ball
2-2: Ball
3-2: Fly out, F6 (Line Drive, 6M)
Batting: LHB Chris Bates 0-0: Called Strike
0-1: Foul Ball, location: 2F
0-2: Ball
1-2: Ground out 3-1 (Groundball, 34)
Batting: RHB Tony Morton 0-0: Called Strike
0-1: Reached on error, E4 (Groundball, 4)
Batting: RHB Ángelo García 0-0: Called Strike
0-1: Ball
1-1: Fielders Choice at 2nd, 4-6 (Groundball, 4)
Bottom of the 8th over - 0 run(s), 0 hit(s), 1 error(s), 0 left on base; Niagara Falls 1 - Baffin Island 4
TOP OF THE 9TH
Niagara Falls Frenzy batting - Pitching for Baffin Island Beavers : RHP Colm Stewart
Pitching: LHP Brent Miller
Batting: LHB Yasuhiko Onodera 0-0: Called Strike
0-1: Swinging Strike
0-2: Fly out, F4 (Popup, 4)
Batting: SHB Héctor Padilla 0-0: Ball
1-0: Ball
2-0: Ball
3-0: Called Strike
3-1: Fly out, F9 (Flyball, 9S)
Batting: RHB Jung-ha Kim 0-0: Swinging Strike
0-1: Foul Ball, location: 2F
0-2: Ball
1-2: Foul Ball, location: 2F
1-2: Ball
2-2: Strikes out swinging
Top of the 9th over - 0 run(s), 0 hit(s), 0 error(s), 0 left on base; Niagara Falls 1 - Baffin Island 4
Tuesday, August 8th, 2017 - OOTP Baseball 17.12 Build 75